 Dungeon Crawl Stone Soup version 0.27.0-1-g7a089689b8 (webtiles) character file.

Game seed: 9762562411998733457

57 coldbreeze the Cudgeller (level 3, -3/29 HPs)
             Began as a Palentonga Gladiator on Aug 12, 2021.
             Was an Initiate of Okawaru.
             Killed from afar by an orc wizard (7 damage)
             ... with a magic dart
             ... on level 4 of the Dungeon.
             The game lasted 00:03:28 (1100 turns).

coldbreeze the Cudgeller (Palentonga Gladiator)     Turns: 1100, Time: 00:03:30

Health: -3/29      AC:  8    Str: 18    XL:     3   Next: 73%
Magic:  3/3        EV:  9    Int:  8    God:    Okawaru [......]
Gold:   64         SH:  4    Dex:  9    Spells: 2/2 levels left

rFire    . . .     SeeInvis +   a - +0 flail
rCold    . . .     Faith    .   (no shield)
rNeg     . . .     Spirit   .   e - +2 ring mail {rPois}
rPois    +         Reflect  .   c - +0 helmet
rElec    .         Harm     .   (no cloak)
rCorr    .         Rampage  .   (no gloves)
Will     .....                  (no barding)
Stlth    ..........             (no amulet)
HPRegen  0.09/turn              (no ring)
MPRegen  0.08/turn              (no ring)

@: weak-willed
A: large, rugged brown scales 3, see invisible, deformed body, roll 1, armoured
tail, large bone plates 1, clumsy 1
a: Rolling Charge, Renounce Religion


You were on level 4 of the Dungeon.
You worshipped Okawaru.
Okawaru was noncommittal.
You visited 1 branch of the dungeon, and saw 5 of its levels.

You collected 64 gold pieces.

Inventory:

Hand Weapons
 a - a +0 flail (weapon)
 k - a +0 vorpal flail
Missiles
 d - 3 throwing nets (quivered)
Armour
 b - a +0 leather armour
 c - a +0 helmet (worn)
 e - a +2 ring mail of poison resistance (worn)
Potions
 g - a potion of heal wounds {unknown}
 h - a potion of haste {unknown}
 i - a potion of curing {unknown}
 j - a potion of resistance


   Skills:
 + Level 2.8 Fighting
 * Level 4.2 Maces & Flails
 - Level 1.3 Throwing
 - Level 2.4 Dodging


You had 2 spell levels left.
You didn't know any spells.
Your spell library contained the following spells:

 Spells                   Type           Power      Damage    Failure   Level
 Summon Small Mammal      Summ           0%         N/A       61%         1
 Call Canine Familiar     Summ           0%         N/A       93%         3
 Summon Guardian Golem    Hex/Summ       0%         N/A       93%         3
 Iskenderun's Battlesphe  Conj           0%         2d6       100%        5
 Iron Shot                Conj/Erth      0%         9d1       100%        6
 Spellforged Servitor     Conj/Summ      0%         N/A       100%        7


Dungeon Overview and Level Annotations

Branches:
Dungeon (5/15)
 Temple: D:4-7

Altars:
Okawaru
Vehumet
Yredelemnul
Zin
The Shining One


Innate Abilities, Weirdness & Mutations

You are completely covered in rugged brown scales. (AC +3, +7% HP)
You have supernaturally acute eyesight. (SInv)
Armour fits poorly on your strangely shaped body.
You can roll at nearby foes to attack.
You have a long armoured tail.
You are partially covered in large bone plates. (SH +4)
You are clumsy. (Dex -2)


Message History

Press: ? - help, Dir - move target, f - orc
Aim: an orc, wielding a +0 vorpal flail and wearing a +1 leather armour of cold resistance You roll forward with a clatter of scales!
An orc priest comes into view. It is wielding a +0 dagger.
The orc priest shouts!
You bludgeon the orc!!
You kill the orc!
Okawaru accepts your kill.
An orc priest and a zombie come into view.
The orc priest miscasts a cantrip.
The orc priest looks braver for a moment.
Things that are here:
a +0 vorpal flail; a +1 leather armour of cold resistance
k - a +0 vorpal flail The orc priest calls down the wrath of Beogh upon you.
Beogh smites you!
Ouch! That really hurt!
The orc priest invokes the aid of Beogh against you.
Beogh smites you!
* * * LOW HITPOINT WARNING * * *
Found a scroll labelled CEMA ECUADWISCH.
There is a stone staircase leading up here.
You climb upwards.
The orc wizard shouts!
The orc shouts!
A howler monkey skeleton comes into view.
A hound skeleton comes into view.
There is a stone staircase leading down here.
Found a scroll labelled BAUDWI REMEH and a knobbly golden ring.
A scorpion comes into view.
An endoplasm comes into view.
An orc comes into view. It is wielding a +0 falchion.
The endoplasm quivers.
You aren't carrying any scrolls.
It was a potion of mutation.
You feel extremely strange.
You feel clumsy.
Large bone plates grow over parts of your arms.
The orc shouts!
The orc wizard casts a spell at you. The magic dart hits you!
You die...

#..........
#........... #
#........... #
#........... #
#.....=.....
##........?.. #
#....s....... #
#...@....######
#
#...Z..........
#.......o.o....
#..............
######........Z
#J>.o.....
#.........
#.........
.###......


You could see a scorpion, an orc wizard, 2 orcs, an endoplasm and a howler
monkey skeleton.

Vanquished Creatures
  An adder (D:2)
  An orc (D:5)
  4 ball pythons (D:1)
  5 bats
  3 giant cockroaches (D:1)
  6 hobgoblins
  4 jackals (D:1)
  4 kobolds
  5 quokkas (D:1)
  2 frilled lizards (D:1)
  4 goblins
  A rat (D:2)
40 creatures vanquished.

Vanquished Creatures (others)
  2 fungi (D:1)
  A plant (D:1)
3 creatures vanquished.

Grand Total: 43 creatures vanquished

Notes
Turn   | Place    | Note
-------+----------+-------------------------------------------
     0 | D:1      | coldbreeze the Palentonga Gladiator began the quest for the
                  | Orb.
     0 | D:1      | Reached XP level 1. HP: 17/17 MP: 1/1
    96 | D:1      | Reached XP level 2. HP: 19/23 MP: 2/2
   141 | D:1      | Found a faded altar of an unknown god.
   375 | D:1      | Reached XP level 3. HP: 25/29 MP: 3/3
   564 | D:1      | Reached skill level 4 in Maces & Flails
   955 | D:2      | You fall into a shaft and drop 1 floor!
  1049 | D:3      | You fall into a shaft and drop 2 floors!
  1049 | D:5      | Entered Level 5 of the Dungeon
  1055 | D:4      | Found a radiant altar of Vehumet.
  1055 | D:4      | Found a basalt altar of Yredelemnul.
  1055 | D:4      | Found a glowing silver altar of Zin.
  1055 | D:4      | Found an iron altar of Okawaru.
  1058 | D:4      | Found a glowing golden altar of the Shining One.
  1064 | D:4      | Became a worshipper of Warmaster Okawaru
  1097 | D:4      | Noticed a scorpion
  1100 | D:4      | Gained mutation: You are clumsy. (Dex -2) [potion of
                  | mutation]
  1100 | D:4      | Gained mutation: You are partially covered in large bone
                  | plates. (SH +4) [potion of mutation]
  1100 | D:4      | Killed from afar by an orc wizard

Illustrated notes

Levels and vault maps discovered:
D:1:      zaba_arrival_water, layout_rooms, dreamdust_ecumenical_altar_grove
D:2:      layout_basic
D:3:      cheibrodos_old_hovel, layout_basic, minmay_quantized
D:4:      layout_basic, nicolae_overflow_hidden_temple,
          hangedman_abyss_or_decor_passed, uniq_menkaure
D:5:      layout_basic, uniq_grinder, uniq_duvessa

Skill      XL: |  1  2  3 |
---------------+----------+-----
Maces & Flails | 4 |  4.2
Fighting       | |  2.8
Throwing       | |  1.3
Dodging        | |  2.4

Action                   || total
-------------------------++-------
Melee: Flail             ||   115
       Tailslap          ||    13
 Abil: Rolling Charge    ||    25
  Use: Scroll            ||     1
       Potion            ||     1
Armor: Leather armour    ||    10
       Ring mail         ||    51
Dodge: Dodged            ||    44
